 Dungeon Crawl Stone Soup version 0.23.0-3-gf3c87f2df8 (webtiles) character file.

Game seed: 3513831364671140589

560728 Infinimo the Merry Centaur (level 25, -41/243 HPs)
             Began as a Centaur Hunter on Feb 24, 2019.
             Was the Champion of Okawaru.
             Killed from afar by Boris (74 damage)
             ... with an iron shot
             ... on level 2 of the Depths.
             The game lasted 01:47:10 (63478 turns).

Infinimo the Merry Centaur (Centaur Hunter)        Turns: 63478, Time: 01:47:11

Health: -41/243    AC: 27    Str: 24    XL:     25   Next: 33%
Magic:  30/30      EV: 17    Int: 13    God:    Okawaru [******]
Gold:   5152       SH:  0    Dex: 10    Spells: 24/24 levels left

rFire    + + +     SeeInvis +   Q - +3 longbow "Tischofuam" {speed, Int+5}
rCold    + + .     Gourm    .   (shield currently unavailable)
rNeg     + + +     Faith    .   r - +0 leather armour "Ahyagy" {MR+ rCorr Slay+4}
rPois    .         Spirit   .   U - +2 helmet {SInv}
rElec    .         Reflect  .   h - +2 cloak of Obumuxza {rF+ rC+ rN+}
rCorr    +         Harm     .   k - +0 pair of gloves "Aplest" {rN++ Int+3 Dex-3 Stlth+}
MR       +....                  a - +4 centaur barding {Fly}
Stlth    ++........             O - amulet of regeneration
HPRegen  0.90/turn              W - ring "Ofoarph" {rF++ rC+ rN+ MR+ Int-5}
MPRegen  0.22/turn              T - ring "Xomauxed" {EV+2 Slay+2}

@: about to teleport, vulnerable, flying, studying Fighting, very quick
A: large, hooves 3, deformed body, speed 2, tough skin 3
}: 3/15 runes: decaying, serpentine, silver
a: Heroism, Finesse, Renounce Religion, Stop Flying


You were on level 2 of the Depths.
You worshipped Okawaru.
Okawaru was exalted by your worship.
You were not hungry.

You visited 10 branches of the dungeon, and saw 46 of its levels.
You visited 1 bazaar.
You also visited: Gauntlet.

You collected 10156 gold pieces.
You spent 5004 gold pieces at shops.

Inventory:

Hand Weapons
 Q - the +3 longbow "Tischofuam" (weapon) {speed, Int+5}
   (Okawaru gifted it to you on level 4 of the Snake Pit)

   Attacks with this weapon are significantly faster.
   It affects your intelligence (+5).
Missiles
 d - 1054 arrows (quivered)
Armour
 a - a +4 centaur barding of flying (worn)
 h - the +2 cloak of Obumuxza (worn) {rF+ rC+ rN+}
   (You found it on level 15 of the Dungeon)

   It protects you from fire.
   It protects you from cold.
   It protects you from negative energy.
 k - the +0 pair of gloves "Aplest" (worn) {rN++ Int+3 Dex-3 Stlth+}
   (Okawaru gifted it to you on level 2 of the Elven Halls)

   It affects your intelligence (+3).
   It affects your dexterity (-3).
   It greatly protects you from negative energy.
   It makes you more stealthy.
 r - the +0 leather armour "Ahyagy" (worn) {MR+ rCorr Slay+4}
   (You bought it in a shop on level 4 of the Vaults)

   It affects your accuracy and damage with ranged weapons and melee attacks
   (+4).
   It affects your resistance to hostile enchantments.
   It provides partial protection from all sources of acid and corrosion.
 U - a +2 helmet of see invisible (worn)
Jewellery
 w - a +4 ring of evasion
 O - an amulet of regeneration (around neck)
 P - an uncursed ring of poison resistance
 T - the ring "Xomauxed" (right hand) {EV+2 Slay+2}
   (You took it off a deep elf demonologist on level 3 of the Elven Halls)

   [ring of evasion]

   It affects your evasion (+2).
   It affects your accuracy and damage with ranged weapons and melee attacks
   (+2).
 W - the ring "Ofoarph" (left hand) {rF++ rC+ rN+ MR+ Int-5}
   (You took it off a deep elf annihilator on level 3 of the Elven Halls)

   [ring of protection from magic]

   It affects your intelligence (-5).
   It greatly protects you from fire.
   It protects you from cold.
   It protects you from negative energy.
   It affects your resistance to hostile enchantments.
Wands
 c - a wand of digging (11)
 o - a wand of disintegration (31)
 u - a wand of acid (29)
 G - a wand of clouds (11)
 H - a wand of scattershot (7)
 K - a wand of iceblast (59)
Scrolls
 e - 8 scrolls of fog
 g - 3 scrolls of enchant weapon
 i - 15 scrolls of identify
 l - 25 scrolls of remove curse
 p - a scroll of summoning
 q - a scroll of vulnerability
 y - 9 scrolls of amnesia
 B - 5 scrolls of torment
 I - 9 scrolls of teleportation
 L - 4 scrolls of magic mapping
 N - 11 scrolls of blinking
 V - 4 scrolls of fear
 Y - 2 scrolls of holy word
Potions
 b - 3 potions of resistance
 j - 2 potions of berserk rage
 m - 3 potions of flight
 n - 13 potions of curing
 s - 5 potions of magic
 t - 9 potions of haste
 v - 12 potions of mutation
 x - a potion of cancellation
 z - 4 potions of degeneration
 A - 3 potions of agility
 D - 10 potions of brilliance
 E - 5 potions of lignification
 J - 4 potions of ambrosia
 R - 2 potions of heal wounds
 S - 2 potions of might
Books
 Z - a manual of Fighting
Comestibles
 f - 79 rations


   Skills:
 + Level 23.0 Fighting
 O Level 27 Bows
 + Level 17.1 Armour
 + Level 17.2 Dodging
 - Level 0.4 Stealth
 - Level 9.6 Invocations


You had 24 spell levels left.
You didn't know any spells.
Your spell library contained the following spells:

 Spells                   Type           Power        Failure   Level  Hunger
 Animate Skeleton         Necr           N/A          32%         1    ##.....
 Apportation              Tloc           #.....       32%         1    ##.....
 Confusing Touch          Hex            #.....       32%         1    ##.....
 Corona                   Hex            #......      32%         1    ##.....
 Flame Tongue             Conj/Fire      #....        32%         1    ##.....
 Pain                     Necr           #...         32%         1    ##.....
 Sandblast                Erth           #.....       32%         1    ##.....
 Shock                    Conj/Air       #...         32%         1    ##.....
 Summon Small Mammal      Summ           #...         32%         1    ##.....
 Call Imp                 Summ           #.......     45%         2    ###....
 Corpse Rot               Necr           N/A          45%         2    ###....
 Ensorcelled Hibernation  Hex/Ice        #.....       45%         2    ###....
 Passwall                 Tmut/Erth      #.......     45%         2    ###....
 Poisonous Vapours        Pois/Air       #.....       45%         2    ###....
 Sticks to Snakes         Tmut           #.......     45%         2    ###....
 Sublimation of Blood     Necr           #.........   45%         2    ###....
 Swiftness                Chrm/Air       #.......     45%         2    ###....
 Throw Flame              Conj/Fire      #.....       45%         2    ###....
 Call Canine Familiar     Summ           #.......     69%         3    ####...
 Confuse                  Hex            #.......     69%         3    ####...
 Conjure Flame            Conj/Fire      #.......     69%         3    ####...
 Dazzling Spray           Conj/Hex       #.....       69%         3    ####...
 Ignite Poison            Fire/Tmut/Pois #.......     69%         3    ####...
 Inner Flame              Hex/Fire       #.......     69%         3    ####...
 Mephitic Cloud           Conj/Pois/Air  #.......     69%         3    ####...
 Recall                   Summ/Tloc      N/A          69%         3    ####...
 Regeneration             Chrm/Necr      #.........   69%         3    ####...
 Spectral Weapon          Hex/Chrm       #.......     69%         3    ####...
 Static Discharge         Conj/Air       #.......     69%         3    ####...
 Stone Arrow              Conj/Erth      #.....       69%         3    ####...
 Summon Guardian Golem    Hex/Summ       #.......     69%         3    ####...
 Tukima's Dance           Hex            #.......     69%         3    ####...
 Vampiric Draining        Necr           #.........   69%         3    ####...
 Airstrike                Air            #.........   97%         4    #####..
 Animate Dead             Necr           N/A          97%         4    #####..
 Cause Fear               Hex            #.........   97%         4    #####..
 Ice Form                 Ice/Tmut       #.......     97%         4    #####..
 Petrify                  Tmut/Erth      #.......     97%         4    #####..
 Sticky Flame             Conj/Fire      #.......     97%         4    #####..
 Summon Ice Beast         Ice/Summ       #.......     97%         4    #####..
 Summon Lightning Spire   Summ/Air       #.......     97%         4    #####..
 Agony                    Necr           #.......     100%        5    ######.
 Alistair's Intoxication  Tmut/Pois      #.......     100%        5    ######.
 Aura of Abjuration       Summ           #.........   100%        5    ######.
 Bolt of Draining         Conj/Necr      #.........   100%        5    ######.
 Bolt of Magma            Conj/Fire/Erth #.........   100%        5    ######.
 Borgnjor's Vile Clutch   Necr/Erth      #.........   100%        5    ######.
 Dispel Undead            Necr           #.......     100%        5    ######.
 Excruciating Wounds      Chrm/Necr      #.........   100%        5    ######.
 Fireball                 Conj/Fire      #.........   100%        5    ######.
 Irradiate                Conj/Tmut      #.........   100%        5    ######.
 Iskenderun's Battlesphe  Conj/Chrm      #.......     100%        5    ######.
 Lee's Rapid Deconstruct  Erth           #.........   100%        5    ######.
 Lightning Bolt           Conj/Air       #.........   100%        5    ######.
 Metabolic Englaciation   Hex/Ice        #.........   100%        5    ######.
 Silence                  Hex/Air        #.........   100%        5    ######.
 Summon Demon             Summ           #.........   100%        5    ######.
 Summon Forest            Summ/Tloc      #.........   100%        5    ######.
 Summon Mana Viper        Hex/Summ       #.......     100%        5    ######.
 Venom Bolt               Conj/Pois      #.........   100%        5    ######.
 Bolt of Cold             Conj/Ice       #.........   100%        6    #######
 Bolt of Fire             Conj/Fire      #.........   100%        6    #######
 Conjure Ball Lightning   Conj/Air       #.........   100%        6    #######
 Darkness                 Hex            #.........   100%        6    #######
 Death Channel            Necr           #.........   100%        6    #######
 Deflect Missiles         Chrm/Air       #.........   100%        6    #######
 Freezing Cloud           Conj/Ice/Air   #.........   100%        6    #######
 Iron Shot                Conj/Erth      #.........   100%        6    #######
 Ozocubu's Refrigeration  Ice            #.........   100%        6    #######
 Shadow Creatures         Summ           N/A          100%        6    #######
 Simulacrum               Ice/Necr       #.........   100%        6    #######
 Dragon Form              Tmut           #.........   100%        7    #######
 Malign Gateway           Summ/Tloc      #.........   100%        7    #######
 Monstrous Menagerie      Summ           #.........   100%        7    #######
 Orb of Destruction       Conj           #.........   100%        7    #######
 Ring of Flames           Chrm/Fire      #.........   100%        7    #######
 Spellforged Servitor     Conj/Summ      #.........   100%        7    #######
 Summon Greater Demon     Summ           #.........   100%        7    #######
 Disjunction              Tloc           #.........   100%        8    #######
 Ignition                 Fire           #.........   100%        8    #######
 Summon Horrible Things   Summ           #.........   100%        8    #######
 Dragon's Call            Summ           #.........   100%        9    #######
 Shatter                  Erth           #.........   100%        9    #######
 Tornado                  Air            #.........   100%        9    #######


Dungeon Overview and Level Annotations

Branches:
Dungeon (15/15)            Temple (1/1) D:4            Lair (6/6) D:9
  Swamp (4/4) Lair:2        Snake (4/4) Lair:3        Slime (0/5) Lair:5
    Orc (2/2) D:9             Elf (3/3) Orc:2        Vaults (5/5) D:14
  Crypt (3/3) Vaults:3       Tomb (0/3) Crypt:3      Depths (3/5) D:15

Altars:
Ashenzari
Cheibriados
Dithmenos
Elyvilon
Fedhas
Gozag
Hepliaklqana
Kikubaaqudgha
Makhleb
Nemelex Xobeh
Okawaru
Qazlal
Ru
Sif Muna
Trog
Uskayaw
Vehumet
Wu Jian
Xom
Yredelemnul
Zin
The Shining One
Beogh
Jiyva

Shops:
D:5 [(   D:7 %   D:14 **=   Orc:2 =[[(   Elf:1 !   Elf:2 [   Snake:1 !
Snake:3 (   Vaults:1 [   Vaults:4 [   Depths:1 *   Depths:2 }}=

Portals:
Hell: Depths:1 Depths:2
Abyss: Depths:1

Annotations:
D:14 2 transporters
Depths:2 Boris


Innate Abilities, Weirdness & Mutations

You have hooves in place of feet.
Armour fits poorly on your strangely shaped body.
You cover ground very quickly.
You have extremely tough skin. (AC +3)


Message History

The phantasmal warrior hits you!!
* * * LOW HITPOINT WARNING * * *
Your magical defenses are stripped away!
Firing (i - inventory)
d - 1056 arrows (quivered)
Press: ? - help, Shift-Dir - straight line, f/p - Boris
Aim: Boris, wearing a +0 robe of magic resistance (almost destroyed, slightly transparent)
You shoot an arrow. The arrow hits Boris!
Boris is almost destroyed.
Boris misses you.
Firing (i - inventory)
d - 1055 arrows (quivered)
Press: ? - help, Shift-Dir - straight line, f/p - Boris
Aim: Boris, wearing a +0 robe of magic resistance (almost destroyed, slightly transparent)
You shoot an arrow. The arrow hits Boris.
Boris is almost destroyed.
The phantasmal warrior hits you!
* * * LOW HITPOINT WARNING * * *
You feel much better. Boris gestures at you while chanting.
The iron shot hits you!!!!
You die...

#.# #.....'....
#(### #..####....
#.".####..# #....
#.#.....^.# #....
#.######.## #....
#.# #.#########
#.######.#........
#LW........#####.#
#@..######## #..
###.# ###
####'####
#....§§§#
#.≈≈≈§≈§#
#.≈###§.# ♣♣♣♣♣
#.≈# #§.# ♣PP.♣
#.≈###§.# ♣P.∩.
#.§§≈≈≈.# ###♣)...


You could see Boris (invisible) and a phantasmal warrior.

Vanquished Creatures
  Boris (thrice) (Vaults:4 Crypt:1 Depths:2)
  Vashnia (Snake:4)
  Sojobo (Vaults:3)
  the Lernaean hydra (Swamp:4)
  Frederick (Vaults:5)
  A curse toe (Crypt:2)
  2 golden dragons
  A profane servitor (Crypt:3)
  Nikola (Swamp:4)
  2 bone dragons
  5 liches
  3 tentacled monstrosities (Vaults:5)
  A shard shrike skeleton (Crypt:1)
  5 titans (Vaults:5)
  3 deep elf blademasters (Elf:2)
  A deep elf master archer (Elf:3)
  A quicksilver dragon (Vaults:5)
  7 ancient champions
  6 sphinxes
  Gastronok (D:8)
  2 shadow dragons (Vaults:5)
  7 tengu reavers
  A thorn hunter (Swamp:4)
  Kirke (Lair:5)
  8 nagarajas
  4 storm dragons
  4 revenants
  Roxanne (Elf:2)
  4 fire giants
  5 frost giants
  7 deep elf sorcerers
  16 vault wardens
  An iron dragon (Vaults:5)
  The ghost of Forgol the Bludgeoner, an adept GrFi of Cheibriados (Elf:1)
  A curse skull (Crypt:3)
  2 orc warlords
  15 ghouls
  6 deep elf elementalists
  4 war gargoyles (Vaults:5)
  A spriggan defender (Depths:2)
  9 vampire knights
  9 ironheart preservers
  14 very ugly things
  An entropy weaver (Vaults:3)
  11 deep elf demonologists
  15 stone giants
  Nessos (Lair:6)
  Azrael (Snake:1)
  11 deep elf annihilators
  A minotaur (Gauntlet)
  4 eidola
  2 spark wasps (Depths:2)
  15 ettins
  A spark wasp (shapeshifter) (Vaults:5)
  A crystal guardian (Vaults:3)
  Snorg (Orc:2)
  11 deep elf death magi
  3 fire dragons
  16 jiangshi
  Josephine (Orc:1)
  8 yaktaur captains
  6 deep elf high priests
  2 great orbs of eyes
  16 naga warriors
  Harold (Orc:1)
  32 hydras
  4 rakshasas
  A quicksilver dragon skeleton (Crypt:1)
  The ghost of feta the Blocker, a journeyman FoFi of Makhleb (D:11)
  34 vault guards
  A ghost crab (Swamp:4)
  2 catoblepae (Lair:6)
  A hell beast (Gauntlet)
  5 ice dragons
  9 anacondas
  Erica (D:9)
  A spriggan air mage (Depths:2)
  9 death knights
  11 centaur warriors
  52 two-headed ogres
  13 alligators
  4 shambling mangroves
  10 death yaks (Lair:6)
  3 tengu warriors
  34 dancing weapons
  4 deep troll shamans (Depths:1)
  12 ogre magi
  21 naga sharpshooters
  A hell knight (Crypt:3)
  5 vampire magi
  4 deep troll earth magi
  4 shock serpents
  A titan zombie (Vaults:4)
  20 deep elf knights
  A soul eater (Crypt:2)
  A titan skeleton (Crypt:2)
  A salamander mystic (Snake:4)
  2 wizards (Vaults:3)
  3 sea snakes (Snake:4)
  50 skeletal warriors
  2 shadow wraiths
  8 swamp dragons
  A storm dragon skeleton (Crypt:2)
  10 unseen horrors
  4 glowing orange brains
  14 deep trolls
  2 spriggan druids (Swamp:3)
  A large abomination (Crypt:1)
  8 naga ritualists
  A swamp dragon (shapeshifter) (Vaults:3)
  A glowing orange brain (shapeshifter) (Vaults:1)
  9 flayed ghosts
  15 deep elf archers
  14 ironbrand convokers
  13 harpies
  An iron dragon zombie (Crypt:3)
  A sphinx zombie (Vaults:5)
  6 necromancers
  6 mana vipers
  8 phantasmal warriors
  12 orc knights
  A sphinx skeleton (Vaults:5)
  6 orc sorcerers
  76 deep elf magi
  4 wolf spiders
  3 manticores
  25 ugly things
  10 cyclopes
  44 slime creatures
  A frost giant zombie (D:15)
  5 salamanders (Snake:4)
  2 frost giant skeletons (Crypt:2)
  A fire giant skeleton (Crypt:1)
  2 elephants (Lair:6)
  19 vault sentinels
  43 black mambas
  A stone giant skeleton (Crypt:1)
  2 guardian serpents
  20 spiny frogs
  24 naga magi
  A dire elephant skeleton (Crypt:1)
  2 rime drakes
  A torpor snail (Lair:6)
  7 centaur skeletons
  A shock serpent skeleton (Crypt:3)
  3 gargoyles
  5 tengu conjurers
  13 freezing wraiths
  A komodo dragon (shapeshifter) (Elf:2)
  10 komodo dragons
  29 yaktaurs
  A yaktaur zombie (D:15)
  3 minotaur skeletons
  A yellow draconian zombie (Crypt:1)
  2 guardian mummies
  9 trolls
  A merfolk (D:9)
  A wind drake (shapeshifter) (Depths:1)
  A polar bear (Lair:5)
  15 blink frogs
  15 hornets
  14 tyrant leeches
  8 dream sheep
  19 bog bodies
  A deep troll zombie (D:15)
  A frost giant simulacrum (Vaults:1)
  4 hippogriffs
  A human simulacrum (Vaults:1)
  A spectral swamp dragon (Crypt:3)
  A redback (shapeshifter) (Vaults:2)
  3 spriggans
  61 flying skulls
  14 shadows
  A spriggan (shapeshifter) (D:14)
  2 air elementals
  12 wyverns
  3 redbacks (Vaults:3)
  3 water elementals
  A yak (shapeshifter) (Depths:3)
  9 humans (D:14)
  34 yaks
  19 wraiths
  4 hogs
  2 basilisks (Lair:3)
  A yaktaur simulacrum (Vaults:5)
  3 fire elementals
  4 hungry ghosts
  A steam dragon (shapeshifter) (D:14)
  Grum (D:7)
  An emperor scorpion simulacrum (Crypt:2)
  18 insubstantial wisps
  33 vampire mosquitoes
  15 swamp worms
  3 wargs
  3 acid dragons
  4 small abominations (Crypt:3)
  49 nagas
  A water moccasin (shapeshifter) (Vaults:3)
  21 water moccasins
  A soldier ant (shapeshifter) (Vaults:5)
  7 hell hounds
  3 porcupines
  16 swamp drakes
  A monstrous demonspawn skeleton (Crypt:2)
  39 orc warriors
  2 ice beasts
  4 sky beasts
  A spiny frog skeleton (Crypt:2)
  2 black bears (shapeshifter)
  5 black bears
  An ettin simulacrum (Crypt:2)
  A hornet zombie (D:6)
  18 necrophages
  2 phantoms
  An eye of draining (shapeshifter) (Vaults:2)
  An eye of draining (D:15)
  39 ogres
  A snapping turtle skeleton (Crypt:2)
  20 wolves
  An elf zombie (Vaults:4)
  18 centaurs
  8 boggarts
  16 crocodiles
  A manticore skeleton (Crypt:2)
  3 big kobolds
  Blork the orc (D:4)
  24 bullfrogs
  2 gnoll sergeants (D:7)
  A glowing shapeshifter simulacrum (Vaults:3)
  4 earth elementals
  A water moccasin zombie (D:5)
  6 scorpions
  A warg skeleton (Crypt:2)
  12 killer bees (D:8)
  A troll skeleton (Crypt:2)
  A tengu skeleton (D:15)
  31 wights
  5 electric eels
  3 howler monkeys
  3 centaur zombies
  7 crimson imps
  A bullfrog zombie (D:11)
  17 hounds
  7 human zombies
  8 jellies
  28 orc priests
  A gnoll shaman (D:7)
  28 orc wizards
  2 bullfrog skeletons
  Natasha (D:2)
  Terence (D:2)
  4 iguanas
  5 human skeletons
  13 worker ants
  A crocodile skeleton (Crypt:2)
  2 hound skeletons
  5 mummies
  9 gnolls
  8 adders
  6 shadow imps
  3 oozes
  3 adder zombies
  An adder skeleton (D:8)
  3 worms
  A barachi skeleton (Crypt:2)
  A dart slug (D:2)
  3 leopard geckos
  131 orcs
  5 giant cockroaches
  6 hobgoblins
  4 jackals (D:3)
  21 kobolds
  6 quokkas
  10 bats
  3 frilled lizards
  A frilled lizard zombie (Crypt:1)
  7 goblins
  A hobgoblin zombie (Crypt:2)
  A leopard gecko skeleton (D:4)
  A leopard gecko zombie (D:6)
  3 orc zombies (D:7)
  6 rats
  A river rat skeleton (Crypt:2)
  2 crawling corpses (Crypt:2)
  A plant (Snake:4)
  A withered plant (D:15)
2269 creatures vanquished.

Vanquished Creatures (others)
  A thorn hunter (Swamp:4)
  A human (D:14)
  A swamp worm (Swamp:4)
  An orc (Orc:1)
  36 fungi
  92 plants
132 creatures vanquished.

Grand Total: 2401 creatures vanquished

Notes
Turn   | Place    | Note
-------+----------+-------------------------------------------
     0 | D:1      | Infinimo the Centaur Hunter began the quest for the Orb.
     0 | D:1      | Reached XP level 1. HP: 17/17 MP: 1/1
    54 | D:1      | Reached XP level 2. HP: 18/24 MP: 2/2
   129 | D:1      | Reached skill level 6 in Bows
   434 | D:1      | Reached XP level 3. HP: 27/30 MP: 3/3
   870 | D:2      | Noticed Terence
   942 | D:2      | Killed Terence
   942 | D:2      | Reached XP level 4. HP: 13/38 MP: 4/4
  1182 | D:2      | Reached skill level 7 in Bows
  1514 | D:2      | Noticed Natasha
  1519 | D:2      | Killed Natasha
  1592 | D:2      | Reached XP level 5. HP: 32/45 MP: 5/5
  2116 | D:3      | Reached skill level 8 in Bows
  2300 | D:4      | Noticed a phantom
  2350 | D:3      | Killed a phantom
  2350 | D:3      | Reached XP level 6. HP: 41/52 MP: 6/6
  2430 | D:4      | Reached skill level 9 in Bows
  2728 | D:4      | Found a hide-covered altar of Uskayaw.
  2813 | D:4      | Found a sparkling altar of Nemelex Xobeh.
  2993 | D:4      | Found a staircase to the Ecumenical Temple.
  3017 | D:4      | Noticed Blork the orc
  3036 | D:4      | Killed Blork the orc
  3036 | D:4      | Reached XP level 7. HP: 53/60 MP: 7/7
  3070 | Temple   | Entered the Ecumenical Temple
  3124 | Temple   | Became a worshipper of Warmaster Okawaru
  3672 | D:5      | Entered Level 5 of the Dungeon
  3793 | D:5      | Found Mamneure's Antique Weapon Boutique.
  3798 | D:5      | Bought a runed dagger for 85 gold pieces
  3804 | D:5      | Found a shimmering altar of Xom.
  3820 | D:5      | Reached skill level 10 in Bows
  4142 | D:5      | Reached skill level 5 in Fighting
  4340 | D:5      | Found Rymurun's Armour Shoppe.
  4497 | D:5      | Reached * piety under Okawaru
  4500 | D:5      | Reached skill level 11 in Bows
  4504 | D:5      | Reached XP level 8. HP: 48/69 MP: 8/8
  5144 | D:6      | Reached skill level 12 in Bows
  5230 | D:6      | Reached ** piety under Okawaru
  5747 | D:6      | Reached skill level 13 in Bows
  5806 | D:6      | Reached XP level 9. HP: 77/79 MP: 9/9
  6075 | D:7      | Found Xomush's Food Shoppe.
  6407 | D:7      | Reached *** piety under Okawaru
  6969 | D:7      | Reached skill level 14 in Bows
  7279 | D:7      | Found an ancient bone altar of Kikubaaqudgha.
  7491 | D:7      | Received a gift from Okawaru
  7954 | D:7      | Noticed Grum
  7958 | D:7      | Killed Grum
  7958 | D:7      | Reached skill level 15 in Bows
  8106 | D:8      | Received a gift from Okawaru
  8145 | D:8      | Reached XP level 10. HP: 74/89 MP: 10/10
  8441 | D:8      | Noticed Gastronok
  8465 | D:8      | Killed Gastronok
  8465 | D:8      | Reached **** piety under Okawaru
  8465 | D:8      | Reached skill level 16 in Bows
  8527 | D:8      | Reached ***** piety under Okawaru
  9080 | D:8      | Noticed a two-headed ogre
  9134 | D:8      | Killed a two-headed ogre
  9134 | D:8      | Reached skill level 17 in Bows
  9350 | D:9      | Noticed a two-headed ogre
  9351 | D:9      | Noticed a cyclops
  9388 | D:8      | Killed a two-headed ogre
  9388 | D:8      | Received a gift from Okawaru
  9388 | D:8      | Reached skill level 10 in Fighting
  9388 | D:8      | Reached XP level 11. HP: 78/98 MP: 11/11
  9421 | D:9      | Reached skill level 1 in Invocations
  9828 | D:9      | Reached skill level 1 in Armour
  9925 | D:9      | Received a gift from Okawaru
  9966 | D:9      | Found a staircase to the Lair.
 10074 | D:9      | Found a staircase to the Orcish Mines.
 10074 | D:9      | Noticed a two-headed ogre
 10103 | D:9      | Killed a two-headed ogre
 10103 | D:9      | Received a gift from Okawaru
 10296 | D:9      | Noticed Erica
 10323 | D:9      | Killed Erica
 10350 | D:9      | Noticed a deep elf knight
 10351 | D:9      | Noticed a white ugly thing
 10357 | D:9      | Noticed a centaur warrior
 10497 | D:9      | Noticed a two-headed ogre
 10531 | D:9      | Killed a two-headed ogre
 10663 | D:10     | Entered Level 10 of the Dungeon
 10673 | D:10     | Found a sparkling altar of Nemelex Xobeh.
 10687 | D:10     | Noticed a two-headed ogre
 10710 | D:10     | Killed a two-headed ogre
 10710 | D:10     | Reached skill level 18 in Bows
 10740 | D:10     | Got a flickering ivory ring
 10831 | D:10     | Received a gift from Okawaru
 10908 | D:10     | Killed an unseen horror
 10908 | D:10     | Received a gift from Okawaru
 10953 | D:10     | Noticed a two-headed ogre
 10995 | D:10     | Killed a two-headed ogre
 11120 | D:10     | Received a gift from Okawaru
 11141 | D:10     | Got a heavily runed helmet {god gift}
 11152 | D:10     | Identified the +1 helmet of the Hare {rC+ Dex+2} (Okawaru
                  | gifted it to you on level 10 of the Dungeon)
 11612 | Lair:1   | Entered Level 1 of the Lair of Beasts
 11637 | Lair:1   | Noticed a seven-headed hydra
 11637 | Lair:1   | Noticed a five-headed hydra
 11686 | Lair:1   | Killed a seven-headed hydra
 11686 | Lair:1   | Reached ****** piety under Okawaru
 11686 | Lair:1   | Reached XP level 12. HP: 107/107 MP: 15/15
 11760 | Lair:1   | Killed a five-headed hydra
 12177 | Lair:1   | Noticed a five-headed hydra
 12205 | Lair:1   | Killed a five-headed hydra
 12205 | Lair:1   | Reached skill level 5 in Invocations
 13083 | Lair:2   | Found a staircase to the Swamp.
 14027 | Lair:3   | Reached skill level 19 in Bows
 14120 | Lair:3   | You fall through a shaft!
 14141 | Lair:4   | Noticed a five-headed hydra
 14143 | Lair:4   | Noticed an eight-headed hydra
 14160 | Lair:4   | Killed a five-headed hydra
 14606 | Lair:4   | Received a gift from Okawaru
 14616 | Lair:4   | Identified the ring "Veqi" {EV+3 Str+3 SInv} (You found it
                  | on level 10 of the Dungeon)
 14623 | Lair:4   | Noticed a seven-headed hydra
 14725 | Lair:4   | Killed a seven-headed hydra
 14825 | Lair:4   | Got a tattered robe
 14836 | Lair:4   | Identified the +4 robe "Nuraodoete" {rC+} (You found it on
                  | level 4 of the Lair of Beasts)
 14894 | Lair:4   | Killed an eight-headed hydra
 15296 | Lair:4   | Reached XP level 13. HP: 98/115 MP: 17/17
 15935 | Lair:5   | Found a runed translucent door.
 16112 | Lair:5   | Found a viscous altar of Jiyva.
 16114 | Lair:5   | Found a staircase to the Slime Pits.
 16409 | Lair:6   | Entered Level 6 of the Lair of Beasts
 16437 | Lair:6   | Noticed Kirke
 16484 | Lair:6   | Reached skill level 5 in Dodging
 17042 | Lair:5   | Noticed a sphinx
 17044 | Lair:5   | Killed Kirke
 17044 | Lair:5   | Reached skill level 20 in Bows
 17234 | Lair:6   | Reached skill level 5 in Armour
 17741 | Lair:6   | Received a gift from Okawaru
 17758 | Lair:6   | Noticed Nessos
 17764 | Lair:6   | Killed Nessos
 18226 | Lair:6   | Received a gift from Okawaru
 18531 | Lair:6   | Reached XP level 14. HP: 126/126 MP: 20/20
 18703 | Lair:6   | Received a gift from Okawaru
 18809 | Lair:6   | Reached skill level 21 in Bows
 19086 | Lair:6   | Received a gift from Okawaru
 19337 | Lair:6   | Received a gift from Okawaru
 19366 | Lair:6   | Received a gift from Okawaru
 20233 | D:11     | Found a runed translucent gate.
 20234 | D:11     | Found a runed translucent gate.
 20234 | D:11     | Found a runed translucent gate.
 20235 | D:11     | Noticed feta's ghost (journeyman FoFi)
 20552 | D:11     | Noticed a stone giant
 20990 | D:11     | Killed a stone giant
 21078 | D:11     | Received a gift from Okawaru
 21216 | D:11     | Received a gift from Okawaru
 21552 | D:11     | Killed feta's ghost
 21800 | D:12     | Received a gift from Okawaru
 21815 | D:12     | Reached XP level 15. HP: 134/134 MP: 22/22
 21852 | D:12     | Received a gift from Okawaru
 21878 | D:12     | Got a smoking centaur barding {god gift}
 21889 | D:12     | Identified the -1 centaur barding "Esucwauq" {+Fly Int+4}
                  | (Okawaru gifted it to you on level 12 of the Dungeon)
 22071 | D:12     | You fall through a shaft for 2 floors!
 22165 | D:14     | Reached skill level 22 in Bows
 22215 | D:14     | Found a transporter.
 22223 | D:14     | Found a transporter.
 22266 | D:14     | Found a transporter.
 22774 | D:13     | Found a gate leading to a gauntlet.
 22787 | Gauntlet | Entered a Gauntlet
 22787 | Gauntlet | Found a transporter.
 22794 | Gauntlet | Found a runed translucent door.
 22796 | Gauntlet | Found a transporter.
 22798 | Gauntlet | Found a runed translucent door.
 22808 | Gauntlet | Found a transporter.
 22812 | Gauntlet | Found a transporter.
 22830 | Gauntlet | Found a transporter.
 22843 | Gauntlet | Found a transporter.
 22847 | Gauntlet | Found a transporter.
 22851 | Gauntlet | Found a transporter.
 22868 | Gauntlet | Found a large runed translucent door.
 22868 | Gauntlet | Found a large runed translucent door.
 22869 | Gauntlet | Found a large runed translucent door.
 22869 | Gauntlet | Found a large runed translucent door.
 22870 | Gauntlet | Found a large runed translucent door.
 22870 | Gauntlet | Found a large runed translucent door.
 22871 | Gauntlet | Found a runed translucent gate.
 22872 | Gauntlet | Found a transporter.
 22872 | Gauntlet | Found a runed translucent gate.
 22873 | Gauntlet | Found a runed translucent gate.
 22874 | Gauntlet | Found a large runed translucent door.
 22874 | Gauntlet | Found a large runed translucent door.
 22875 | Gauntlet | Found a large runed translucent door.
 22876 | Gauntlet | Found a large runed translucent door.
 22885 | Gauntlet | Found a large runed translucent door.
 22885 | Gauntlet | Found a large runed translucent door.
 22885 | Gauntlet | Found a runed translucent door.
 22885 | Gauntlet | Found a runed translucent door.
 22886 | Gauntlet | Found a large runed translucent door.
 22887 | Gauntlet | Found a large runed translucent door.
 22889 | Gauntlet | Found a transporter.
 22893 | Gauntlet | Found a transporter.
 22901 | Gauntlet | Found a transporter.
 22925 | Gauntlet | Found a large runed translucent door.
 22926 | Gauntlet | Found a large runed translucent door.
 24375 | Orc:1    | Entered Level 1 of the Orcish Mines
 24375 | Orc:1    | Noticed Harold
 24486 | Orc:1    | Killed Harold
 24766 | Orc:2    | Entered Level 2 of the Orcish Mines
 24815 | Orc:1    | Noticed Josephine
 24823 | Orc:1    | Killed Josephine
 24840 | Orc:1    | Noticed an orc warlord
 24923 | Orc:1    | Killed an orc warlord
 24923 | Orc:1    | Received a gift from Okawaru
 25202 | Orc:2    | Noticed Snorg
 25204 | Orc:2    | Killed Snorg
 25255 | Orc:2    | Noticed an orc warlord
 25263 | Orc:2    | Killed an orc warlord
 25301 | Orc:2    | Found Resownoid's Antique Weapon Shoppe.
 25303 | Orc:2    | Found a roughly hewn altar of Beogh.
 25313 | Orc:2    | Found Vaojus's Antique Armour Emporium.
 25654 | Orc:2    | Found a roughly hewn altar of Beogh.
 25721 | Orc:2    | Found a roughly hewn altar of Beogh.
 25755 | Orc:2    | Found Egoc's Armour Shoppe.
 25915 | Orc:2    | Found a roughly hewn altar of Beogh.
 26018 | Orc:2    | Found a staircase to the Elven Halls.
 26037 | Orc:2    | Found a roughly hewn altar of Beogh.
 26038 | Orc:2    | Found Vemetial's Jewellery Emporium.
 26061 | Orc:2    | Bought an uncursed amulet of regeneration for 510 gold
                  | pieces
 26062 | Orc:2    | Bought an uncursed ring of poison resistance for 340 gold
                  | pieces
 26331 | Swamp:1  | Entered Level 1 of the Swamp
 26473 | Swamp:1  | Reached skill level 23 in Bows
 27033 | Swamp:1  | Reached XP level 16. HP: 145/145 MP: 23/23
 27637 | Swamp:1  | Received a gift from Okawaru
 29492 | Swamp:4  | Entered Level 4 of the Swamp
 29495 | Swamp:4  | Noticed a thorn hunter
 29508 | Swamp:4  | Killed a thorn hunter
 29514 | Swamp:4  | Received a gift from Okawaru
 29833 | Swamp:4  | Received a gift from Okawaru
 29840 | Swamp:4  | Got a crude helmet {god gift}
 29851 | Swamp:4  | Identified the +5 helmet "Raaddulu" {*Corrode Str+6 Int+3}
                  | (Okawaru gifted it to you on level 4 of the Swamp)
 29870 | Swamp:4  | Reached skill level 24 in Bows
 29958 | Swamp:4  | Noticed the 27-headed Lernaean hydra
 29978 | Swamp:4  | Killed the 27-headed Lernaean hydra
 30024 | Swamp:4  | Noticed a thorn hunter
 30040 | Swamp:4  | Killed a thorn hunter
 30189 | Swamp:4  | Reached XP level 17. HP: 153/154 MP: 24/24
 30226 | Swamp:4  | Got a decaying rune of Zot
 30573 | Swamp:4  | Noticed Nikola
 30585 | Swamp:4  | Killed Nikola
 30944 | Lair:3   | Received a gift from Okawaru
 31287 | Lair:3   | Found a staircase to the Snake Pit.
 31625 | Snake:1  | Entered Level 1 of the Snake Pit
 31625 | Snake:1  | Noticed Azrael
 31709 | Snake:1  | Killed Azrael
 31801 | Snake:1  | Found Kamomun's Distillery.
 31812 | Snake:1  | Bought a potion of curing for 45 gold pieces
 31812 | Snake:1  | Bought 2 potions of heal wounds for 150 gold pieces
 31812 | Snake:1  | Bought a potion of curing for 45 gold pieces
 31812 | Snake:1  | Bought a potion of mutation for 120 gold pieces
 31812 | Snake:1  | Bought a potion of mutation for 120 gold pieces
 31812 | Snake:1  | Bought 2 potions of mutation for 240 gold pieces
 33645 | Snake:3  | Reached skill level 15 in Fighting
 33756 | Snake:3  | Reached skill level 25 in Bows
 34290 | Snake:3  | Found Kapezoi's Weapon Boutique.
 34688 | Snake:4  | Entered Level 4 of the Snake Pit
 34740 | Snake:4  | Received a gift from Okawaru
 34891 | Snake:4  | Reached skill level 10 in Dodging
 35037 | Snake:4  | Received a gift from Okawaru
 35045 | Snake:4  | Got an ichor-stained longbow {god gift}
 35046 | Snake:4  | Identified the +3 longbow "Tischofuam" {speed, Int+5}
                  | (Okawaru gifted it to you on level 4 of the Snake Pit)
 35262 | Snake:4  | Reached XP level 18. HP: 163/163 MP: 25/25
 35606 | Snake:4  | Reached skill level 10 in Armour
 35606 | Snake:4  | Noticed Vashnia
 35620 | Snake:4  | Killed Vashnia
 35620 | Snake:4  | Received a gift from Okawaru
 36090 | Snake:4  | Reached skill level 26 in Bows
 36409 | Snake:4  | Got a serpentine rune of Zot
 36418 | Snake:4  | Received a gift from Okawaru
 36898 | Elf:1    | Entered Level 1 of the Elven Halls
 36999 | Elf:1    | Found Neihaypt's Distillery.
 37393 | Elf:1    | Found an ancient bone altar of Kikubaaqudgha.
 37779 | Elf:1    | Found a runed translucent door.
 37784 | Elf:1    | Noticed Forgol's ghost (adept GrFi)
 37887 | Elf:1    | Killed Forgol's ghost
 37962 | Elf:1    | Identified the Papyrus of Shape Shifting and Curses
 38238 | Elf:2    | Reached XP level 19. HP: 172/172 MP: 26/26
 38359 | Elf:2    | Noticed Roxanne
 38372 | Elf:2    | Killed Roxanne
 38384 | Elf:2    | Found Ubefiejo's Antique Armour Shop.
 38539 | Elf:2    | Bought a glowing helmet for 300 gold pieces
 38539 | Elf:2    | Bought an ancient robe for 228 gold pieces
 38539 | Elf:2    | Bought a steaming robe for 228 gold pieces
 38549 | Elf:2    | Identified the +1 robe "Lahauz" {Str+3} (You bought it in a
                  | shop on level 2 of the Elven Halls)
 38559 | Elf:2    | Identified the +0 robe of Complete Protection {rF++} (You
                  | bought it in a shop on level 2 of the Elven Halls)
 38659 | Elf:2    | Received a gift from Okawaru
 38663 | Elf:2    | Got an ancient triple sword {god gift}
 38664 | Elf:2    | Identified the +8 triple sword of Wealth {slice, rPois}
                  | (Okawaru gifted it to you on level 2 of the Elven Halls)
 38955 | Elf:2    | Found a huge runed gate.
 38956 | Elf:2    | Found a huge runed gate.
 38957 | Elf:2    | Found a huge runed gate.
 38958 | Elf:2    | Found a huge runed gate.
 38959 | Elf:2    | Found a huge runed gate.
 39006 | Elf:2    | Found a huge runed gate.
 39006 | Elf:2    | Found a huge runed gate.
 39007 | Elf:2    | Found a huge runed gate.
 39007 | Elf:2    | Found a huge runed gate.
 39007 | Elf:2    | Found a huge runed gate.
 39007 | Elf:2    | Found a huge runed gate.
 39009 | Elf:2    | Found a huge runed gate.
 39009 | Elf:2    | Found a huge runed gate.
 39014 | Elf:2    | Found a huge runed gate.
 39014 | Elf:2    | Found a huge runed gate.
 39014 | Elf:2    | Found a huge runed gate.
 39014 | Elf:2    | Found a huge runed gate.
 39053 | Elf:2    | Found a huge runed gate.
 39053 | Elf:2    | Found a huge runed gate.
 39053 | Elf:2    | Found a huge runed gate.
 39127 | Elf:2    | Found a huge runed translucent gate.
 39127 | Elf:2    | Found a huge runed translucent gate.
 39127 | Elf:2    | Found a huge runed translucent gate.
 39127 | Elf:2    | Found a huge runed translucent gate.
 39127 | Elf:2    | Found a huge runed translucent gate.
 39309 | Elf:2    | Reached skill level 27 in Bows
 39734 | Elf:2    | Received a gift from Okawaru
 39785 | Elf:2    | Received a gift from Okawaru
 39940 | Elf:2    | Got a pair of ancient gloves {god gift}
 39951 | Elf:2    | Identified the +0 pair of gloves "Aplest" {rN++ Int+3 Dex-3
                  | Stlth+} (Okawaru gifted it to you on level 2 of the Elven
                  | Halls)
 40097 | Elf:3    | Entered Level 3 of the Elven Halls
 41501 | Elf:3    | Reached XP level 20. HP: 184/184 MP: 27/27
 41651 | Elf:3    | Received a gift from Okawaru
 41865 | Elf:3    | Identified the ring "Xomauxed" {EV+2 Slay+2}
 42002 | Elf:3    | Identified the +3 battleaxe of Duty {vamp, rElec Str+5}
 42002 | Elf:3    | Identified the ring "Ofoarph" {rF++ rC+ rN+ MR+ Int-5}
 42042 | Elf:3    | Identified the Collected Works on Frigorific Displacement
 42072 | Elf:3    | Identified the Collected Works on Feathers
 42296 | Elf:3    | Got a heavily runed scale mail
 42307 | Elf:3    | Identified the +2 scale mail of the Spider Nest {+Fly rC++
                  | rN++ Dex-2} (You found it on level 3 of the Elven Halls)
 42324 | Elf:3    | Got a smoking chain mail
 42335 | Elf:3    | Identified the +1 chain mail "Delaitorr" {rF- Str+4 Int-5
                  | Dex+8} (You found it on level 3 of the Elven Halls)
 42679 | D:15     | Entered Level 15 of the Dungeon
 42733 | D:14     | Found Juteack's Assorted Antiques.
 42829 | D:14     | Found a deep blue altar of Sif Muna.
 42883 | D:14     | Found Guhaipt's Assorted Antiques.
 42902 | D:14     | Found a transporter.
 42954 | D:14     | Found a transporter.
 43041 | D:14     | Found Faockimo's Jewellery Shoppe.
 43242 | D:14     | Found a gate to the Vaults.
 44051 | D:15     | Found a staircase to the Depths.
 44713 | D:15     | Got a jewelled cloak
 44724 | D:15     | Identified the +2 cloak of Obumuxza {rF+ rC+ rN+} (You
                  | found it on level 15 of the Dungeon)
 44797 | Vaults:1 | Entered Level 1 of the Vaults
 44803 | Vaults:1 | Got a warped copper ring
 44810 | Vaults:1 | Found a flickering gateway to a bazaar.
 44876 | Bazaar   | Entered a bazaar
 44879 | Bazaar   | Found Hergha Juivu's Assorted Antiques.
 44898 | Bazaar   | Found Biwocwatz's Armour Shop.
 44902 | Bazaar   | Found Baetet's Antique Weapon Shoppe.
 44908 | Bazaar   | Found Oliuxenayk's Gadget Shoppe.
 44914 | Bazaar   | Found Tihacal's Magic Scroll Shop.
 44922 | Bazaar   | Bought a scroll of blinking for 67 gold pieces
 44922 | Bazaar   | Bought a scroll of teleportation for 27 gold pieces
 44922 | Bazaar   | Bought a scroll of teleportation for 27 gold pieces
 44951 | Bazaar   | Bought a scroll of blinking for 232 gold pieces
 44951 | Bazaar   | Bought a glowing ruby amulet for 155 gold pieces
 44951 | Bazaar   | Identified the ring "Pycit" {Str+2 SInv} (You found it on
                  | level 1 of the Vaults)
 45479 | Vaults:1 | Received a gift from Okawaru
 45612 | Vaults:1 | Found Kaoplaxt's Antique Armour Shop.
 45764 | Vaults:1 | Bought a shadowed robe for 233 gold pieces
 45764 | Vaults:1 | Identified the +1 robe of Compression {rElec Slay+2} (You
                  | bought it in a shop on level 1 of the Vaults)
 45957 | Vaults:1 | Received a gift from Okawaru
 46154 | Vaults:1 | Reached XP level 21. HP: 194/194 MP: 28/28
 46222 | Vaults:1 | Received a gift from Okawaru
 47259 | Vaults:2 | Identified the +0 robe "Mavuluex" {rPois Int+3} (You found
                  | it on level 2 of the Vaults)
 48012 | Vaults:2 | Found a sparkling altar of Nemelex Xobeh.
 48413 | Vaults:3 | You are sucked into a shaft!
 48548 | Vaults:4 | Received a gift from Okawaru
 48876 | Vaults:4 | Found Ibry's Antique Armour Shoppe.
 48889 | Vaults:4 | Bought a polished leather armour for 196 gold pieces
 48889 | Vaults:4 | Identified the cursed +0 leather armour "Ahyagy" {MR+ rCorr
                  | Slay+4} (You bought it in a shop on level 4 of the Vaults)
 50092 | Vaults:5 | Entered Level 5 of the Vaults
 50092 | Vaults:5 | Noticed Boris
 50430 | Vaults:4 | Killed Boris
 50678 | Vaults:4 | Received a gift from Okawaru
 50678 | Vaults:4 | Reached XP level 22. HP: 139/206 MP: 29/29
 52092 | Vaults:5 | Noticed Frederick
 52102 | Vaults:5 | Killed Frederick
 52102 | Vaults:5 | Received a gift from Okawaru
 52364 | Vaults:5 | Identified the cursed +0 plate armour "Umeijyng" {rElec
                  | rF+++ Regen+ Str-4} (You found it on level 5 of the Vaults)
 52366 | Vaults:5 | Identified the Catalogue of Burning Ice
 52526 | Vaults:5 | Received a gift from Okawaru
 52543 | Vaults:5 | Identified the +6 flail of Indomitability {flame, Int+2}
 53100 | Vaults:5 | Got a silver rune of Zot
 53205 | Vaults:5 | Noticed a golden dragon
 53214 | Vaults:5 | Killed a golden dragon
 53214 | Vaults:5 | Reached skill level 15 in Dodging
 53314 | Vaults:5 | Reached XP level 23. HP: 211/217 MP: 30/30
 53405 | Vaults:5 | Reached skill level 15 in Armour
 53483 | Vaults:5 | Received a gift from Okawaru
 54683 | Vaults:3 | Noticed Sojobo
 55109 | Vaults:3 | Received a gift from Okawaru
 55170 | Vaults:3 | Found a staircase to the Crypt.
 56007 | Vaults:3 | Killed Sojobo
 56251 | Crypt:1  | Entered Level 1 of the Crypt
 56786 | Crypt:1  | Noticed Boris
 56795 | Crypt:1  | Killed Boris
 56795 | Crypt:1  | Received a gift from Okawaru
 57592 | Crypt:2  | Reached XP level 24. HP: 228/228 MP: 30/30
 57610 | Crypt:2  | Received a gift from Okawaru
 57820 | Crypt:2  | Received a gift from Okawaru
 57984 | Crypt:2  | Received a gift from Okawaru
 58963 | Crypt:2  | Found an ancient bone altar of Kikubaaqudgha.
 59287 | Crypt:3  | Entered Level 3 of the Crypt
 59774 | Crypt:3  | Found a basalt altar of Yredelemnul.
 60454 | Crypt:3  | Received a gift from Okawaru
 60626 | Crypt:3  | Found a staircase to the Tomb.
 60666 | Crypt:3  | Got a smoking lapis lazuli ring
 60666 | Crypt:3  | Got a vibrating brass ring
 60666 | Crypt:3  | Got a faintly glowing copper ring
 60777 | Crypt:3  | Identified the ring "Johicud" {*Corrode rC+ rN+ Str+4
                  | Dex+2} (You found it on level 3 of the Crypt)
 60778 | Crypt:3  | Identified the ring "Kauzaunt" {rElec rN+} (You found it on
                  | level 3 of the Crypt)
 60779 | Crypt:3  | Identified the ring "Duifuuxt" {rN+ MR++} (You found it on
                  | level 3 of the Crypt)
 61299 | Depths:1 | Entered Level 1 of the Depths
 61303 | Depths:1 | Found a gateway to Hell.
 61599 | Depths:1 | Received a gift from Okawaru
 61671 | Depths:1 | Found Fnty's Fabulous Fripperies.
 61685 | Depths:1 | Bought a manual of Fighting for 1656 gold pieces
 61841 | Depths:1 | Reached XP level 25. HP: 221/239 MP: 30/30
 62024 | Depths:1 | Found a one-way gate to the infinite horrors of the Abyss.
 62435 | Depths:2 | Noticed Boris
 62444 | Depths:2 | Killed Boris
 62478 | Depths:2 | Found Xunic's Jewellery Boutique.
 62478 | Depths:2 | Found Rashoeva's Gadget Emporium.
 62479 | Depths:2 | Found Wabot's Gadget Emporium.
 62644 | Depths:2 | Received a gift from Okawaru
 63446 | Depths:3 | Noticed Boris
 63478 | Depths:2 | Killed from afar by Boris

Skill      XL: |  1  2  3  4  5  6  7  8  9 10 11 12 13 14 15 16 17 18 19 20 21 22 23 24 25 |
---------------+----------------------------------------------------------------------------+-----
Bows           | 6 7 8 9 11 13 15 17 18 19 20 21 23 24 25 26 27 | 27.0
Fighting       | 3 4 5 7 8 10 11 12 13 14 15 16 17 18 19 20 21 22 23 | 23.0
Invocations    | 4 6 8 9 |  9.6
Dodging        | 3 4 5 7 8 9 10 11 13 14 15 16 17 | 17.2
Armour         | 3 4 5 6 7 8 9 10 11 12 13 14 15 16 17 | 17.1
Stealth        | |  0.4

Action                   |  1- 3 |  4- 6 |  7- 9 | 10-12 | 13-15 | 16-18 | 19-21 | 22-24 | 25-27 || total
-------------------------+-------+-------+-------+-------+-------+-------+-------+-------+-------++-------
Melee: Short sword       |    89 |   225 |    43 |       |       |       |       |       |       ||   357
       Kick              |    18 |    36 |   116 |     1 |       |       |       |       |       ||   171
       Dagger            |       |       |   348 |       |       |       |       |       |       ||   348
       Shortbow          |       |       |       |     1 |       |       |       |       |       ||     1
 Fire: Shortbow          |    11 |       |   111 |  1018 |   366 |       |       |       |       ||  1506
       Longbow           |       |       |       |       |  1202 |  1783 |  2517 |  2554 |   254 ||  8310
Invok: Heroism           |       |       |       |       |       |       |       |     1 |       ||     1
       Finesse           |       |       |       |       |       |       |       |     1 |       ||     1
  Use: Scroll            |     3 |     5 |    10 |     7 |     3 |    18 |    11 |    13 |     3 ||    73
       Potion            |       |       |       |       |     4 |     3 |       |     1 |     1 ||     9
  Eat: Chunk             |       |     5 |     7 |    17 |    25 |    19 |    26 |    22 |     3 ||   124
       Ration            |       |       |     2 |       |     1 |     2 |       |     1 |       ||     6
Armor: Ring mail         |    31 |   122 |   172 |       |       |       |       |       |       ||   325
       Troll leather arm |       |       |     6 |    76 |   141 |   235 |   201 |       |       ||   659
       Skin              |       |       |       |     2 |       |       |       |       |       ||     2
       Leather armour    |       |       |       |       |       |       |    29 |   227 |    20 ||   276
       Plate armour      |       |       |       |       |       |       |       |    39 |       ||    39
Dodge: Dodged            |    32 |   111 |   171 |   103 |   270 |   319 |   351 |   279 |    31 ||  1667
